 Dungeon Crawl Stone Soup version 0.29.0-4-gdea44cf6ec (webtiles) character file.

Game seed: 6728486629404372354

35 qw the Chopper (level 3, 0/21 HPs)
             Began as a Tengu Warper on Aug 28, 2022.
             Succumbed to their own poison gas
             ... on level 1 of the Dungeon.
             The game lasted 00:00:05 (1110 turns).

qw the Chopper (Tengu Warper)                       Turns: 1110, Time: 00:00:06

Health: 0/21       AC:  4    Str: 13    XL:     3   Next: 35%
Magic:  7/7        EV: 11    Int: 13    God:
Gold:   48         SH:  3    Dex: 13    Spells: 6/6 levels left

rFire   . . .      SeeInvis .   Y - +0 hand axe
rCold   . . .      Faith    .   h - +0 buckler
rNeg    . . .      Spirit   .   b - +0 leather armour
rPois   .          Reflect  .   (helmet restricted)
rElec   .          Harm     .   (no cloak)
rCorr   .          Rampage  .   e - +0 pair of gloves
Will    .....                   (boots unavailable)
Stlth   +.........              (no amulet)
HPRegen 0.07/turn               (no ring)
MPRegen 0.10/turn               (no ring)

@: lethally poisoned (0 -> -3)
A: beak, talons 3
a: no special abilities


You were on level 1 of the Dungeon.
You visited 1 branch of the dungeon, and saw 2 of its levels.

You collected 48 gold pieces.


Innate Abilities, Weirdness & Mutations

You have a beak for a mouth.
You have claws for feet.


   Skills:
 - Level 2.0 Fighting
 - Level 4.1 Axes
 - Level 1.0 Throwing
 - Level 1.1 Armour
 - Level 2.1 Dodging
 + Level 0.0 Shields
 - Level 2.0 Spellcasting
 - Level 2.4 Translocations


You had 6 spell levels left.
You didn't know any spells.
Your spell library contained the following spells:

 Spells                   Type           Power      Damage    Failure   Level
 Blink                    Tloc           14%        N/A       26%         2
 Gell's Gravitas          Tloc           7%         N/A       45%         3
 Lesser Beckoning         Tloc           7%         N/A       45%         3
 Teleport Other           Tloc           7%         N/A       45%         3
 Manifold Assault         Tloc           7%         N/A       99%         5

Inventory:

Hand Weapons
 d - a +0 whip
 Y - a +0 hand axe (weapon)
Missiles
 a - a boomerang (quivered)
Armour
 b - a +0 leather armour (worn)
 e - a +0 pair of gloves (worn)
 h - a +0 buckler (worn)
Potions
 f - a potion of invisibility {unknown}
 g - a potion of degeneration {unknown}

Dungeon Overview and Level Annotations

Branches:
Dungeon (2/15)

Altars:


Message History

1095 ||| UPGRADING to +0 buckler.
You start putting on your armour.
You continue putting on your +0 buckler. x4
You finish putting on your +0 buckler.
Done exploring.
1100 ||| READING scroll labelled ILOTIA KILITU.
As you read the scroll labelled ILOTIA KILITU, it crumbles to dust.
It is a scroll of amnesia.
You feel forgetful for a moment.
Done exploring.
1101 ||| READING scroll labelled ZUAVU SIPU.
The air fills with toxic fumes!
As you read the scroll labelled ZUAVU SIPU, it crumbles to dust.
It was a scroll of poison.
Done exploring.
(D) Dungeon
Where to? (* - list waypoints, Enter - D:1, ? - help)
What level of the Dungeon? (default 1, ? - help) Sorry, I don't know how to get there.
Done exploring.
1102 ||| Stepping randomly (stuck).
Really walk into that cloud of poison gas?
You are engulfed in poison gas.
You are lethally poisoned!
You feel very sick.
1103 ||| Stepping ~*~*~tactically~*~*~ (cloud).
You feel very sick.
There is a lethal amount of poison in your body!
You feel very sick.
There is a lethal amount of poison in your body!
You feel sick.
There is a lethal amount of poison in your body!
You feel sick.
There is a lethal amount of poison in your body!
You feel sick.
There is a lethal amount of poison in your body!
You feel sick.
There is a lethal amount of poison in your body!
You feel sick.
There is a lethal amount of poison in your body!
You die...

#.# ######.#.........#
#.## #.# #0#¤...¤0...#
#.# #.#
#######000.##0##### #.##
#.# #...0¤000¤.0#0# #.##
#.#####%..¤00000#¤¤¤####
#..#
#.........0¤¤¤0¤¤00¤000#
##..
#######...000¤000¤¤0¤¤¤#
##. #...0¤¤¤¤¤0¤¤¤¤¤¤#
## ##########@0¤¤000#
#¤¤¤0¤0¤# #0000¤¤0#
#¤¤¤¤00¤# #00¤¤0¤0#
#0¤¤00¤0# #########


There were no monsters in sight!

Vanquished Creatures
  2 dart slugs (D:1)
  2 bats
  2 endoplasms (D:1)
  3 giant cockroaches
  2 hobgoblins (D:1)
  4 jackals (D:1)
  4 ball pythons (D:1)
  3 frilled lizards
  4 kobolds (D:1)
  3 rats
29 creatures vanquished.

Notes
Turn   | Place    | Note
-------+----------+-------------------------------------------
     0 | D:1      | qw the Tengu Warper began the quest for the Orb.
     0 | D:1      | Reached XP level 1. HP: 12/12 MP: 4/4
     0 | D:1      | 0 ||| qw: Version: 0.1-a-89-g26bdef1
     0 | D:1      | 0 ||| qw: Game counter: 358
     0 | D:1      | 0 ||| qw: Always use a shield: true
     0 | D:1      | 0 ||| qw: God list: Okawaru
     0 | D:1      | 0 ||| qw: Allow faded altars: false
     0 | D:1      | 0 ||| qw: Do Orc after D:15 true
     0 | D:1      | 0 ||| qw: Do second Lair branch before Depths: true
     0 | D:1      | 0 ||| qw: Lair rune preference: random
     0 | D:1      | 0 ||| qw: Plans: Normal
     0 | D:1      | 0 ||| PLANNING D:1-11
    32 | D:1      | You fall into a shaft and drop 1 floor!
   130 | D:2      | 130 ||| READING scroll labelled OTI SE ZUECKU.
   131 | D:2      | 131 ||| DROPPING scroll of blinking.
   143 | D:1      | 143 ||| Stepping ~*~*~tactically~*~*~ (hiding).
   150 | D:1      | Reached skill level 3 in Axes
   150 | D:1      | Reached XP level 2. HP: 10/17 MP: 6/6
   299 | D:1      | Found a faded altar of an unknown god.
   303 | D:1      | 303 ||| Stepping ~*~*~tactically~*~*~ (hiding).
   717 | D:1      | 717 ||| Stepping ~*~*~tactically~*~*~ (stealth).
   773 | D:1      | 773 ||| Stepping ~*~*~tactically~*~*~ (stealth).
   777 | D:1      | Reached XP level 3. HP: 21/21 MP: 7/7
   790 | D:1      | 790 ||| Stepping ~*~*~tactically~*~*~ (stealth).
   890 | D:1      | Reached skill level 4 in Axes
  1090 | D:1      | 1090 ||| UPGRADING to +0 pair of gloves.
  1095 | D:1      | 1095 ||| UPGRADING to +0 buckler.
  1100 | D:1      | 1100 ||| READING scroll labelled ILOTIA KILITU.
  1101 | D:1      | 1101 ||| READING scroll labelled ZUAVU SIPU.
  1102 | D:1      | 1102 ||| Stepping randomly (stuck).
  1103 | D:1      | 1103 ||| Stepping ~*~*~tactically~*~*~ (cloud).
  1106 | D:1      | HP: 5/21 [poisoned by you (poison gas)]
  1108 | D:1      | HP: 2/21 [poisoned by you (poison gas)]
  1110 | D:1      | Succumbed to their own poison gas

Levels and vault maps discovered:
D:1:      scummos_arrival_simple_crosswalls, layout_rooms,
          hellmonk_ecumenical_altar_zigzags
D:2:      layout_basic, kennysheep_generic_room_15

Skill      XL: |  1  2  3 |
---------------+----------+-----
Axes           | 3 4 |  4.1
Fighting       | |  2.0
Throwing       | |  1.0
Armour         | |  1.1
Dodging        | |  2.1
Spellcasting   | |  2.0
Translocations | |  2.4

Action                   || total
-------------------------++-------
Melee: Hand axe          ||    46
       Kick              ||    11
       Peck              ||     7
Throw: Boomerang         ||    20
  Use: Scroll            ||     3
Armor: Leather armour    ||    10
Dodge: Dodged            ||    25

Table legend:
 A = Non-vault XP
 B = Vault XP
 C = Vault XP percentage of total XP
 D = Non-vault monster count
 E = Vault monster count
 F = Vault count percentage of total count
                 A         B        C        D         E       F
            +---------+---------+-------+---------+---------+-------
      Total |      51 |       0 |   0.0 |      29 |       0 |   0.0
            +---------+---------+-------+---------+---------+-------
        D:1 |      44 |       0 |   0.0 |      24 |       0 |   0.0
        D:2 |       7 |       0 |   0.0 |       5 |       0 |   0.0
            +---------+---------+-------+---------+---------+-------
